 Dungeon Crawl Stone Soup version 0.21.1-1-g345015f (webtiles) character file.

1680 sanboga the Chopper (level 9, -2/56 HPs)
             Began as a Gargoyle Berserker on Apr 4, 2018.
             Was an Elder of Trog.
             Blown up by Pikel (18 damage)
             ... with a wand of disintegration (6)
             ... on level 6 of the Dungeon.
             The game lasted 00:11:36 (6100 turns).

sanboga the Chopper (Gargoyle Berserker)            Turns: 6100, Time: 00:11:37

Health: -2/56      AC: 18    Str: 26    XL:     9   Next: 2%
Magic:  18/18      EV:  9    Int:  9    God:    Trog [****..]
Gold:   281        SH:  0    Dex:  9    Spells: 8/8 levels left

rFire    . . .     SeeInvis .   f - +0 war axe
rCold    . . .     Gourm    .   (no shield)
rNeg     + . .     Faith    .   n - +0 chain mail
rPois    ∞         Spirit   .   (no helmet)
rElec    +         Reflect  .   (no cloak)
rCorr    .         Harm     .   (no gloves)
MR       .....                  a - +0 pair of boots
Stlth    ..........             (no amulet)
HPRegen  0.18/turn              g - +3 ring of strength
MPRegen  0.16/turn              q - ring of magical power

@: no status effects
A: negative energy resistance 1, electricity resistance, unbreathing,
petrification resistance, rot immunity, AC +6
a: Berserk, Trog's Hand, Brothers in Arms, Burn Spellbooks, Renounce Religion


You were on level 6 of the Dungeon.
You worshipped Trog.
Trog was greatly pleased with you.
You were not hungry.

You visited 1 branch of the dungeon, and saw 6 of its levels.

You collected 281 gold pieces.

Inventory:

Hand Weapons
 f - a +0 war axe (weapon)
Armour
 a - a +0 pair of boots (worn)
 n - a +0 chain mail (worn)
Jewellery
 g - a +3 ring of strength (left hand)
 q - a ring of magical power (right hand)
Wands
 k - a wand of iceblast (4)
 m - a wand of flame (22)
Scrolls
 e - 2 scrolls of remove curse
 o - 2 scrolls of random uselessness {unknown}
 p - 3 scrolls of blinking
 s - a scroll of fog
 t - a scroll of summoning {unknown}
Potions
 b - a potion of haste
 d - 2 potions of curing
 j - a potion of resistance
 l - a potion of lignification
 r - a potion of invisibility {unknown}
Comestibles
 c - 12 rations


   Skills:
 + Level 6.9 Fighting
 * Level 7.7 Axes
 + Level 6.4 Armour
 - Level 1.5 Dodging


You had 8 spell levels left.
You didn't know any spells.

Dungeon Overview and Level Annotations

Branches:
Dungeon (6/15)
 Temple: D:4-7

Altars:
Fedhas
Yredelemnul
The Shining One

Annotations:
D:6 Arya's ghost, novice DsBe; Pikel


Innate Abilities, Weirdness & Mutations

You are resistant to torment.
Your stone body is resilient. (AC +6)
You are immune to poison.
You resist negative energy. (rN+)
You are resistant to electric shocks. (rElec)
You can survive without breathing.
You are immune to petrification.
You are immune to rotting.


Message History

You closely miss Pikel. The slave barely misses you.
Pikel zaps a wand.
You struggle to resist.
The slave closely misses you.
You closely miss the slave.
The slave is almost dead.
You miss Pikel.
Pikel zaps a wand.
You are blasted!
* * * LOW HITPOINT WARNING * * *
The slave closely misses you.
You hit the slave.
You kill the slave!
That felt strangely unrewarding.
You hit Pikel. Pikel completely misses you.
You closely miss Pikel.
Pikel is moderately wounded.
Pikel hits you but does no damage. x2
You hit Pikel.
Pikel is moderately wounded.
Pikel hits you but does no damage.
You barely miss Pikel.
Pikel is moderately wounded.
Pikel zaps a wand.
You are blasted!
You die...

#######....###
#............#####
#....###.........#
#....###.........#
#................
#....###........
#....# #.....###
###### #[....#
#K@[..# #<..).#
#######


You could see Pikel.

Vanquished Creatures
  Sigmund (D:5)
  Menkaure (D:4)
  Edmund (D:5)
  2 orc warriors
  4 slaves
  An ogre (D:5)
  A necrophage (D:6)
  2 centaurs
  2 scorpions
  A crimson imp (D:5)
  A centaur skeleton (D:4)
  4 orc wizards
  4 orc priests
  An iguana (D:4)
  Natasha (thrice) (D:3)
  A worker ant (D:2)
  A hound zombie (D:5)
  A howler monkey zombie (D:6)
  5 adders
  4 gnolls (D:2)
  An adder skeleton (D:4)
  2 worms
  6 dart slugs
  3 leopard geckos
  25 orcs
  3 ball pythons
  13 bats
  3 giant cockroaches (D:2)
  7 goblins
  8 hobgoblins
  5 jackals
  3 quokkas (D:5)
  5 frilled lizards
  7 kobolds
  7 rats
  A spectral orc (D:3)
140 creatures vanquished.

Vanquished Creatures (others)
  An orc (D:3)
1 creature vanquished.

Grand Total: 141 creatures vanquished

Notes
Turn   | Place    | Note
-------+----------+-------------------------------------------
     0 | D:1      | sanboga the Gargoyle Berserker began the quest for the Orb.
     0 | D:1      | Reached XP level 1. HP: 14/14 MP: 1/1
   209 | D:1      | Reached skill level 3 in Axes
   209 | D:1      | Reached XP level 2. HP: 14/19 MP: 2/2
   552 | D:1      | Reached XP level 3. HP: 15/23 MP: 3/3
   859 | D:1      | Reached ** piety under Trog
  1280 | D:2      | Found a blossoming altar of Fedhas.
  1354 | D:2      | Reached XP level 4. HP: 17/29 MP: 4/4
  1680 | D:2      | Reached skill level 4 in Axes
  1682 | D:2      | Reached XP level 5. HP: 33/33 MP: 5/5
  2269 | D:3      | Reached *** piety under Trog
  2564 | D:3      | Noticed Natasha
  2568 | D:3      | Killed Natasha
  2600 | D:3      | Noticed Natasha
  2608 | D:3      | Reached XP level 6. HP: 38/39 MP: 6/6
  2610 | D:3      | Killed Natasha
  2650 | D:3      | Noticed Natasha
  2660 | D:3      | Killed Natasha
  2774 | D:3      | Reached skill level 5 in Axes
  2819 | D:3      | Found a basalt altar of Yredelemnul.
  3267 | D:4      | Noticed Menkaure
  3280 | D:4      | Killed Menkaure
  3280 | D:4      | Reached skill level 5 in Fighting
  3280 | D:4      | Reached XP level 7. HP: 10/44 MP: 7/7
  4275 | D:4      | Reached **** piety under Trog
  4560 | D:5      | Entered Level 5 of the Dungeon
  4640 | D:5      | Reached skill level 6 in Axes
  4722 | D:5      | Reached skill level 5 in Armour
  4730 | D:5      | Reached XP level 8. HP: 17/51 MP: 8/8
  5070 | D:5      | Found a glowing golden altar of the Shining One.
  5128 | D:5      | Noticed Edmund
  5151 | D:5      | Killed Edmund
  5213 | D:5      | Noticed Sigmund
  5231 | D:5      | Killed Sigmund
  5231 | D:5      | Reached skill level 7 in Axes
  5678 | D:6      | Noticed Arya's ghost (novice DsBe)
  5800 | D:6      | Reached XP level 9. HP: 34/56 MP: 9/9
  6049 | D:6      | Noticed Pikel
  6100 | D:6      | Blown up by Pikel

Skill      XL: |  1  2  3  4  5  6  7  8 |
---------------+-------------------------+-----
Axes           | 3 4 5 6 7 |  7.7
Armour         | 3 4 5 6 |  6.4
Fighting       | 4 5 6 |  6.9
Dodging        | |  1.5

Action                   |  1- 3 |  4- 6 |  7- 9 || total
-------------------------+-------+-------+-------++-------
Melee: Hand axe          |   115 |   184 |    91 ||   390
       War axe           |       |       |   171 ||   171
Invok: Berserk           |       |     5 |     3 ||     8
  Use: Scroll            |     7 |     4 |       ||    11
       Potion            |       |     1 |     1 ||     2
 Stab: Distracted        |     1 |       |       ||     1
  Eat: Chunk             |     2 |    10 |    13 ||    25
Armor: Animal skin       |    22 |       |       ||    22
       Ring mail         |    16 |    77 |       ||    93
       Scale mail        |       |       |    42 ||    42
       Chain mail        |       |       |   123 ||   123
Dodge: Dodged            |    96 |   119 |   144 ||   359
